Blue Jackets vs Bruins
Created - April 19, 2022 at 19:51
Goals
|
Blue Jackets |
0 |
2 |
2 |
4 |
Bruins |
1 |
1 |
0 |
2 |
|
Shots
|
Blue Jackets |
5 |
11 |
8 |
24 |
Bruins |
12 |
9 |
11 |
32 |
|
1st period
1. Bruins , Jonathan Toews 14 (Zack Kassian 27) at 17:06
Penalties :
Devin Setoguchi (Clb) for Tripping (Minor) at 0:42, Bobby Ryan (Clb) for Interference (Minor) at 5:09, Bobby Ryan (Clb) for Roughing (Minor) at 17:30
2nd period
2. Blue Jackets , Bobby Ryan 17 (Artemi Panarin 35, Tyler Seguin 38) at 0:27
3. Bruins , Scott Hartnell 16 (Kevin Hayes 14, Victor Oreskovich 16) at 6:17
4. Blue Jackets , Tyler Seguin 31 (Artemi Panarin 36, Bobby Ryan 23) at 14:43 (PP)
Penalties :
Madison Bowey (Bos) for Holding (Minor) at 7:28, Zack Kassian (Bos) for Tripping (Minor) at 14:34
3rd period
5. Blue Jackets , Peter Mueller 9 (Devin Setoguchi 13, Rickard Rakell 24) at 13:40
6. Blue Jackets , Artemi Panarin 26 (Tyler Seguin 39, Dennis Wideman 9) at 19:59 (Empty Net)
Penalties :
Travis Hamonic (Clb) for Unsportsmanlike conduct (Major / Game Misconduct) at 2:40, Adam Pelech (Bos) for Roughing (Minor) at 5:48, Devin Setoguchi (Clb) for Hooking (Minor) at 8:05, Victor Oreskovich (Bos) for Boarding (Minor) at 15:22
Goalie Stats
Rick DiPietro (Clb), 30 saves from 32 shots - (0.938), W, 14-17-7, 60:00 minutes
Kevin Poulin (Bos), 20 saves from 23 shots - (0.870), L, 28-20-1, 58:54 minutes
Players Stats for Blue Jackets
Player Name G A P +/- PIM S H SB GA TA FO MP PP MP PK MP
------------------------------------------------------------------------------------
Artemi Panarin 1 2 3 1 0 2 1 0 0 1 0/1 21:40 2:29 1:18
Bobby Ryan 1 1 2 0 4 2 2 0 0 0 0/4 16:49 2:21 0:00
Brandon Bollig 0 0 0 0 0 1 2 0 0 0 1/1 12:03 0:01 6:01
Colton Parayko 0 0 0 2 0 2 1 2 1 0 0/0 30:24 2:35 6:44
Dennis Wideman 0 1 1 0 0 0 2 2 0 0 0/0 14:50 1:06 0:55
Devin Setoguchi 0 1 1 0 4 0 0 1 0 1 0/0 14:23 0:01 0:00
Emerson Etem 0 0 0 0 0 1 0 0 0 1 0/0 11:20 0:00 3:29
Henrik Sedin 0 0 0 0 0 0 0 0 0 0 5/12 16:09 1:45 5:59
Kevin Porter 0 0 0 0 0 0 1 0 0 0 0/3 8:54 0:00 3:51
Peter Mueller 1 0 1 0 0 4 1 0 0 0 7/12 14:45 1:53 0:17
Rickard Rakell 0 1 1 0 0 2 3 0 1 0 0/0 14:09 1:42 0:00
Rob Scuderi 0 0 0 -1 0 0 1 1 0 0 0/0 16:42 0:21 4:14
Shea Theodore 0 0 0 0 0 0 2 0 0 0 0/0 17:25 1:32 1:57
Shea Weber 0 0 0 1 0 2 1 2 1 0 0/0 21:17 1:36 4:37
T.J. Oshie 0 0 0 1 0 2 0 2 0 0 0/0 10:02 0:12 0:00
Travis Hamonic 0 0 0 0 15 1 1 0 1 0 0/0 19:19 1:20 3:41
Tyler Kennedy 0 0 0 0 0 1 1 1 0 0 1/1 8:10 0:00 1:13
Tyler Seguin 1 2 3 1 0 4 3 0 0 0 10/27 18:39 2:21 0:00
Players Stats for Bruins
Player Name G A P +/- PIM S H SB GA TA FO MP PP MP PK MP
------------------------------------------------------------------------------------
Adam Pelech 0 0 0 -1 2 0 0 1 0 0 0/0 11:37 0:22 0:03
Andreas Athanasiou 0 0 0 0 0 0 1 0 0 0 0/1 7:44 0:31 0:00
Andrei Kostitsyn 0 0 0 -1 0 2 2 0 1 0 0/0 12:11 0:37 1:03
Brett Kulak 0 0 0 0 0 1 1 1 0 0 0/0 11:05 0:23 0:43
Casey Cizikas 0 0 0 -1 0 1 0 1 0 1 2/4 10:08 0:00 1:04
Jason Demers 0 0 0 0 0 1 2 3 0 0 0/0 29:17 5:49 2:34
Jonathan Toews 1 0 1 -1 0 4 0 0 0 0 19/32 21:56 6:20 0:56
Josh Manson 0 0 0 0 0 0 0 1 0 0 0/0 19:26 4:52 1:41
Kevin Hayes 0 1 1 1 0 2 1 0 0 0 5/9 16:19 4:13 0:00
Kris Chucko 0 0 0 0 0 1 0 1 0 0 0/0 6:07 0:00 0:00
Madison Bowey 0 0 0 -1 2 1 1 0 0 0 0/0 19:24 4:52 0:55
Matt Read 0 0 0 -1 0 2 3 1 0 1 0/0 11:10 0:31 0:08
Mikael Backlund 0 0 0 0 0 1 2 0 0 0 1/1 6:07 0:00 0:00
Scott Hartnell 1 0 1 1 0 3 1 0 0 0 1/1 17:36 4:13 0:56
Torey Krug 0 0 0 0 0 3 1 2 1 2 0/0 29:17 5:49 2:34
Victor Oreskovich 0 1 1 1 2 2 2 0 0 0 2/3 16:12 4:07 0:00
Wojtek Wolski 0 0 0 -1 0 4 2 0 0 0 6/8 24:12 6:20 2:16
Zack Kassian 0 1 1 -1 2 4 3 1 1 0 1/2 24:02 6:20 2:07
3 Stars
1 - Tyler Seguin (Clb)
2 - Artemi Panarin (Clb)
3 - Rick DiPietro (Clb)
Power Play
Blue Jackets - 1 on 4 Attempt(s) - 25.00%
Bruins - 0 on 5 Attempt(s) - 0.00%
Penalty Kill
Blue Jackets - 5 on 5 Attempt(s) - 100.00%
- Score 0 goal in Penalty Kill
Bruins - 3 on 4 Attempt(s) - 75.00%
- Score 0 goal in Penalty Kill
Team Stat
Blue Jackets - Hits : 22 - Faceoff Wins : 24 - Blocked Shots : 11 - Penalty Minutes : 23
Bruins - Hits : 22 - Faceoff Wins : 37 - Blocked Shots : 12 - Penalty Minutes : 8
Official
Referees : Mitch Dunning and Jon McIsaac
Linesman : Shandor Alphonso and Travis Toomey
Game Notes
Travis Hamonic (Clb) for Unsportsmanlike conduct (Major / Game Misconduct) at 2:40
Travis Hamonic ejected from game at 2:40 of 3rd period
Artemi Panarin has scored in a empty net!
Finance
Level 1 -- Attendance: 4100 (68.33%) -- Ticket Income $508,400
Level 2 -- Attendance: 3685 (73.70%) -- Ticket Income $276,375
Level 3 -- Attendance: 1446 (72.30%) -- Ticket Income $63,624
Level 4 -- Attendance: 2817 (70.43%) -- Ticket Income $81,693
Luxury Box -- Attendance: 738 (73.80%) -- Ticket Income $161,622
Game was played at the TD Garden.
Total Attendance: 12786 (71.03%)
Total Ticket Income: $1,091,714
Other Income: $163,757
Total Income: $1,255,471
Blue Jackets
5 vs 5 Forward
Center Left Wing Right Wing Time % Phy DF OF
1 Tyler Seguin Artemi Panarin Bobby Ryan 40 1 2 2
2 Peter Mueller Rickard Rakell Devin Setoguchi 30 1 2 2
3 Henrik Sedin Emerson Etem T.J. Oshie 20 1 2 2
4 Kevin Porter Brandon Bollig Tyler Kennedy 10 1 2 2
5 vs 5 Defense
Defense Defense Time % Phy DF OF
1 Travis Hamonic Colton Parayko 40 1 2 2
2 Shea Weber Shea Theodore 30 1 2 2
3 Dennis Wideman Rob Scuderi 20 1 2 2
4 Travis Hamonic Colton Parayko 10 1 2 2
PowerPlay Forward
Center Left Wing Right Wing Time % Phy DF OF
1 Tyler Seguin Artemi Panarin Bobby Ryan 60 1 2 2
2 Peter Mueller Henrik Sedin Rickard Rakell 40 1 2 2
PowerPlay Defense
Defense Defense Time % Phy DF OF
1 Travis Hamonic Colton Parayko 60 1 2 2
2 Shea Weber Shea Theodore 40 1 2 2
Penalty Kill 4 Players Forward
Center Wing Time % Phy DF OF
1 Henrik Sedin Brandon Bollig 60 1 2 2
2 Kevin Porter Emerson Etem 40 1 2 2
Penalty Kill 4 Players Defense
Defense Defense Time % Phy DF OF
1 Travis Hamonic Colton Parayko 60 1 2 2
2 Shea Weber Rob Scuderi 40 1 2 2
Penalty Kill - 3 Players Forward
Forward Time % Phy DF OF
1 Henrik Sedin 60 1 2 2
2 Kevin Porter 40 1 2 2
Penalty Kill - 3 Players Defense
Defense Defense Time % Phy DF OF
1 Travis Hamonic Colton Parayko 60 1 2 2
2 Shea Weber Rob Scuderi 40 1 2 2
4 vs 4 Forward
Center Wing Time % Phy DF OF
1 Tyler Seguin Artemi Panarin 60 1 2 2
2 Henrik Sedin Bobby Ryan 40 1 2 2
4 vs 4 Defense
Defense Defense Time % Phy DF OF
1 Travis Hamonic Colton Parayko 60 1 2 2
2 Shea Weber Rob Scuderi 40 1 2 2
Last Minutes Offensive
Center Left Wing Right Wing Defense Defense
Tyler Seguin Artemi Panarin Bobby Ryan Travis Hamonic Colton Parayko
Last Minutes Defensive
Center Left Wing Right Wing Defense Defense
Tyler Seguin Artemi Panarin Bobby Ryan Travis Hamonic Colton Parayko
Goaltenders
Starting : Rick DiPietro
Backup : Jonas Gustavsson
Extra Forwards
Normal : T.J. Oshie, Peter Mueller, Tyler Kennedy - PP : T.J. Oshie, Peter Mueller - PK : Tyler Kennedy
Extra Defensemen
Normal : Dennis Wideman, Shea Theodore, Shea Weber - PP : Dennis Wideman - PK : Shea Theodore, Shea Weber
Penalty Shots
Tyler Seguin, Artemi Panarin, Henrik Sedin, Bobby Ryan, Rickard Rakell
Scratches
Andreas Nodl (Healthy), Martin Havlat (Healthy), Ryan Wilson (Healthy), Zac Dalpe (Torso Injury)
Bruins
5 vs 5 Forward
Center Left Wing Right Wing Time % Phy DF OF
1 Jonathan Toews Wojtek Wolski Zack Kassian 40 1 2 2
2 Kevin Hayes Scott Hartnell Victor Oreskovich 30 1 2 2
3 Casey Cizikas Andrei Kostitsyn Matt Read 20 1 2 2
4 Mikael Backlund Kris Chucko Andreas Athanasiou 10 1 2 2
5 vs 5 Defense
Defense Defense Time % Phy DF OF
1 Jason Demers Torey Krug 40 1 2 2
2 Madison Bowey Josh Manson 30 1 2 2
3 Adam Pelech Brett Kulak 20 1 2 2
4 Jason Demers Torey Krug 10 1 2 2
PowerPlay Forward
Center Left Wing Right Wing Time % Phy DF OF
1 Jonathan Toews Wojtek Wolski Zack Kassian 60 1 2 2
2 Kevin Hayes Scott Hartnell Victor Oreskovich 40 1 2 2
PowerPlay Defense
Defense Defense Time % Phy DF OF
1 Jason Demers Torey Krug 60 1 2 2
2 Madison Bowey Josh Manson 40 1 2 2
Penalty Kill 4 Players Forward
Center Wing Time % Phy DF OF
1 Wojtek Wolski Zack Kassian 60 1 2 2
2 Jonathan Toews Scott Hartnell 40 1 2 2
Penalty Kill 4 Players Defense
Defense Defense Time % Phy DF OF
1 Jason Demers Torey Krug 60 1 2 2
2 Madison Bowey Josh Manson 40 1 2 2
Penalty Kill - 3 Players Forward
Forward Time % Phy DF OF
1 Wojtek Wolski 60 1 2 2
2 Zack Kassian 40 1 2 2
Penalty Kill - 3 Players Defense
Defense Defense Time % Phy DF OF
1 Jason Demers Torey Krug 60 1 2 2
2 Madison Bowey Josh Manson 40 1 2 2
4 vs 4 Forward
Center Wing Time % Phy DF OF
1 Wojtek Wolski Zack Kassian 60 1 2 2
2 Jonathan Toews Scott Hartnell 40 1 2 2
4 vs 4 Defense
Defense Defense Time % Phy DF OF
1 Jason Demers Torey Krug 60 1 2 2
2 Madison Bowey Josh Manson 40 1 2 2
Last Minutes Offensive
Center Left Wing Right Wing Defense Defense
Jonathan Toews Wojtek Wolski Zack Kassian Jason Demers Torey Krug
Last Minutes Defensive
Center Left Wing Right Wing Defense Defense
Jonathan Toews Wojtek Wolski Zack Kassian Jason Demers Torey Krug
Goaltenders
Starting : Kevin Poulin
Backup : Antti Niemi
Extra Forwards
Normal : Andrei Kostitsyn, Matt Read, Casey Cizikas - PP : Andrei Kostitsyn, Matt Read - PK : Casey Cizikas
Extra Defensemen
Normal : Adam Pelech, Brett Kulak, Madison Bowey - PP : Adam Pelech - PK : Brett Kulak, Madison Bowey
Penalty Shots
Wojtek Wolski, Zack Kassian, Jonathan Toews, Scott Hartnell, Kevin Hayes
Scratches
Alex Petrovic (Healthy), Brendan Smith (Healthy)
% Time on Ice - Blue Jackets
Lines # - Real PCT - Wanted PCT - Time Play
Normal Forward
1 - 38% - 40% - 15:40
2 - 31% - 30% - 13:05
3 - 19% - 20% - 7:50
4 - 12% - 10% - 5:02
Normal Defense
1 - 42% - 40% - 17:18
2 - 32% - 30% - 13:27
3 - 22% - 20% - 9:06
4 - 4% - 10% - 1:46
PP Forward
1 - 59% - 60% - 2:30
2 - 41% - 40% - 1:45
PP Defense
1 - 62% - 60% - 2:39
2 - 38% - 40% - 1:36
PK Forward
1 - 69% - 60% - 7:35
2 - 31% - 40% - 3:29
PK Defense
1 - 66% - 60% - 7:20
2 - 34% - 40% - 3:44
PK3 Forward
1 - 0% - 60%
2 - 0% - 40%
PK3 Defense
1 - 0% - 60%
2 - 0% - 40%
44 Forward
1 - 81% - 60% - 1:30
2 - 19% - 40% - 0:21
44 Defense
1 - 87% - 60% - 1:37
2 - 13% - 40% - 0:14
Last Minute Offensive - 0:00
Last Minute Defensive - 1:13
Total
Forward - 60:00
Defense - 60:00
|
% Time on Ice - Bruins
Lines # - Real PCT - Wanted PCT - Time Play
Normal Forward
1 - 34% - 40% - 14:21
2 - 29% - 30% - 12:06
3 - 22% - 20% - 9:04
4 - 15% - 10% - 6:07
Normal Defense
1 - 43% - 40% - 17:51
2 - 30% - 30% - 12:33
3 - 23% - 20% - 9:42
4 - 4% - 10% - 1:32
PP Forward
1 - 62% - 60% - 6:51
2 - 38% - 40% - 4:13
PP Defense
1 - 56% - 60% - 6:12
2 - 44% - 40% - 4:52
PK Forward
1 - 78% - 60% - 3:19
2 - 22% - 40% - 0:56
PK Defense
1 - 60% - 60% - 2:34
2 - 40% - 40% - 1:41
PK3 Forward
1 - 0% - 60%
2 - 0% - 40%
PK3 Defense
1 - 0% - 60%
2 - 0% - 40%
44 Forward
1 - 81% - 60% - 1:30
2 - 19% - 40% - 0:21
44 Defense
1 - 82% - 60% - 1:31
2 - 18% - 40% - 0:20
Last Minute Offensive - 1:12
Last Minute Defensive - 0:00
Total
Forward - 60:00
Defense - 60:00
|
Play-by-Play
1st period
0:01 of 1st period - Tyler Seguin wins face-off versus Jonathan Toews in neutral zone.
0:04 of 1st period - Snap shot by Artemi Panarin.
0:04 of 1st period - Shot Blocked by Zack Kassian.
0:42 of 1st period - Minor Penalty to Devin Setoguchi for Tripping.
0:43 of 1st period - Henrik Sedin wins face-off versus Jonathan Toews in Blue Jackets zone.
1:58 of 1st period - Zack Kassian is hit by Travis Hamonic and loses puck.
2:42 of 1st period - Penalty to Devin Setoguchi is over, Devin Setoguchi is back on ice.
2:43 of 1st period - Rob Scuderi is hit by Madison Bowey and loses puck.
2:47 of 1st period - Icing by Artemi Panarin.
2:48 of 1st period - Tyler Kennedy wins face-off versus Andreas Athanasiou in Blue Jackets zone.
3:08 of 1st period - Snap shot by Matt Read.
3:08 of 1st period - Shot Misses the Net.
3:12 of 1st period - Slapshot by Andrei Kostitsyn.
3:12 of 1st period - Shot Misses the Net.
3:14 of 1st period - Slapshot by Brett Kulak.
3:14 of 1st period - Stopped by Rick DiPietro with a rebound.
3:16 of 1st period - Wrist shot by Brett Kulak.
3:16 of 1st period - Shot Blocked by Tyler Kennedy.
3:18 of 1st period - Slapshot by Adam Pelech.
3:18 of 1st period - Shot Misses the Net.
3:41 of 1st period - Snap shot by Jason Demers.
3:41 of 1st period - Shot Misses the Net.
3:47 of 1st period - Snap shot by Andrei Kostitsyn.
3:47 of 1st period - Stopped by Rick DiPietro without a rebound.
3:48 of 1st period - Kevin Hayes wins face-off versus Henrik Sedin in Blue Jackets zone.
3:57 of 1st period - Wrist shot by Victor Oreskovich.
3:57 of 1st period - Deflect By Travis Hamonic.
3:57 of 1st period - Shot Blocked by Colton Parayko.
3:57 of 1st period - Puck is out of play.
3:58 of 1st period - Victor Oreskovich wins face-off versus Henrik Sedin in Blue Jackets zone.
4:15 of 1st period - Snap shot by Victor Oreskovich.
4:15 of 1st period - Stopped by Rick DiPietro without a rebound.
4:16 of 1st period - Peter Mueller wins face-off versus Jonathan Toews in Blue Jackets zone.
4:43 of 1st period - Rob Scuderi is hit by Matt Read and loses puck.
4:48 of 1st period - Backhand shot by Casey Cizikas.
4:48 of 1st period - Shot Blocked by T.J. Oshie.
5:09 of 1st period - Minor Penalty to Bobby Ryan for Interference.
5:10 of 1st period - Jonathan Toews wins face-off versus Henrik Sedin in Blue Jackets zone.
5:21 of 1st period - Slapshot by Torey Krug.
5:21 of 1st period - Stopped by Rick DiPietro with a rebound.
5:23 of 1st period - Slapshot by Zack Kassian.
5:23 of 1st period - Shot Misses the Net.
5:25 of 1st period - Wrist shot by Zack Kassian.
5:25 of 1st period - Stopped by Rick DiPietro without a rebound.
5:26 of 1st period - Henrik Sedin wins face-off versus Zack Kassian in Blue Jackets zone.
5:46 of 1st period - Slapshot by Kevin Porter.
5:46 of 1st period - Deflect By Emerson Etem.
5:46 of 1st period - Deflect By Jonathan Toews.
5:46 of 1st period - Shot Blocked by Torey Krug.
5:46 of 1st period - Puck is out of play.
5:47 of 1st period - Kevin Hayes wins face-off versus Kevin Porter in Bruins zone.
6:09 of 1st period - Kevin Hayes is hit by Brandon Bollig and loses puck.
7:09 of 1st period - Penalty to Bobby Ryan is over, Bobby Ryan is back on ice.
7:14 of 1st period - Torey Krug is hit by Rickard Rakell and loses puck.
7:23 of 1st period - Rickard Rakell is hit by Andrei Kostitsyn and loses puck.
8:49 of 1st period - Icing by Artemi Panarin.
8:50 of 1st period - Victor Oreskovich wins face-off versus Tyler Seguin in Blue Jackets zone.
10:08 of 1st period - Wrist shot by Peter Mueller.
10:08 of 1st period - Shot Misses the Net.
11:21 of 1st period - Wrist shot by Zack Kassian.
11:21 of 1st period - Shot Misses the Net.
11:59 of 1st period - Adam Pelech is hit by Kevin Porter.
12:30 of 1st period - Colton Parayko is hit by Zack Kassian and loses puck.
12:51 of 1st period - Snap shot by T.J. Oshie.
12:51 of 1st period - Shot Misses the Net.
12:53 of 1st period - Snap shot by Emerson Etem.
12:53 of 1st period - Stopped by Kevin Poulin without a rebound.
12:54 of 1st period - Scott Hartnell wins face-off versus Tyler Seguin in Bruins zone.
12:59 of 1st period - Snap shot by Kevin Hayes.
12:59 of 1st period - Stopped by Rick DiPietro with a rebound.
13:54 of 1st period - T.J. Oshie is hit by Kevin Hayes and loses puck.
14:13 of 1st period - Artemi Panarin is hit by Mikael Backlund and loses puck.
14:21 of 1st period - Off-side.
14:22 of 1st period - Tyler Seguin wins face-off versus Jonathan Toews in neutral zone.
14:32 of 1st period - Off-side.
14:33 of 1st period - Tyler Seguin wins face-off versus Jonathan Toews in neutral zone.
14:50 of 1st period - Slapshot by Jonathan Toews.
14:50 of 1st period - Shot Misses the Net.
15:05 of 1st period - Slapshot by Jason Demers.
15:05 of 1st period - Deflect By Devin Setoguchi.
15:05 of 1st period - Stopped by Rick DiPietro without a rebound.
15:06 of 1st period - Peter Mueller wins face-off versus Victor Oreskovich in Blue Jackets zone.
15:11 of 1st period - Snap shot by Peter Mueller.
15:11 of 1st period - Stopped by Kevin Poulin without a rebound.
15:12 of 1st period - Peter Mueller wins face-off versus Kevin Hayes in Bruins zone.
15:27 of 1st period - Snap shot by Rickard Rakell.
15:27 of 1st period - Shot Blocked by Jason Demers.
15:43 of 1st period - Wrist shot by Tyler Seguin.
15:43 of 1st period - Stopped by Kevin Poulin without a rebound.
15:44 of 1st period - Jonathan Toews wins face-off versus Tyler Seguin in Bruins zone.
15:57 of 1st period - Snap shot by Wojtek Wolski.
15:57 of 1st period - Shot Misses the Net.
16:16 of 1st period - Wrist shot by Kevin Hayes.
16:16 of 1st period - Stopped by Rick DiPietro without a rebound.
16:17 of 1st period - Peter Mueller wins face-off versus Casey Cizikas in Blue Jackets zone.
16:22 of 1st period - Wrist shot by Peter Mueller.
16:22 of 1st period - Shot Blocked by Torey Krug.
16:24 of 1st period - Slapshot by Shea Weber.
16:24 of 1st period - Stopped by Kevin Poulin without a rebound.
16:25 of 1st period - Casey Cizikas wins face-off versus Peter Mueller in Bruins zone.
16:54 of 1st period - Slapshot by Bobby Ryan.
16:54 of 1st period - Stopped by Kevin Poulin without a rebound.
16:55 of 1st period - Jonathan Toews wins face-off versus Tyler Seguin in Bruins zone.
17:06 of 1st period - Snap shot by Jonathan Toews.
17:06 of 1st period - Goal by Jonathan Toews - Blue Jackets : 0 - Bruins : 1.
17:07 of 1st period - Tyler Seguin wins face-off versus Jonathan Toews in neutral zone.
17:14 of 1st period - Snap shot by Bobby Ryan.
17:14 of 1st period - Shot Blocked by Jason Demers.
17:30 of 1st period - Minor Penalty to Bobby Ryan for Roughing.
17:31 of 1st period - Jonathan Toews wins face-off versus Henrik Sedin in Blue Jackets zone.
17:42 of 1st period - Wrist shot by Wojtek Wolski.
17:42 of 1st period - Stopped by Rick DiPietro with a rebound.
17:44 of 1st period - Snap shot by Wojtek Wolski.
17:44 of 1st period - Stopped by Rick DiPietro with a rebound.
17:46 of 1st period - Slapshot by Wojtek Wolski.
17:46 of 1st period - Stopped by Rick DiPietro without a rebound.
17:47 of 1st period - Henrik Sedin wins face-off versus Jonathan Toews in Blue Jackets zone.
19:30 of 1st period - Penalty to Bobby Ryan is over, Bobby Ryan is back on ice.
19:42 of 1st period - Slapshot by Rickard Rakell.
19:42 of 1st period - Shot Misses the Net.
Goals for this period are 0 for Blue Jackets vs 1 for Bruins.
Shots for this period are 5 for Blue Jackets vs 12 for Bruins.
2nd period
0:01 of 2nd period - Jonathan Toews wins face-off versus Tyler Seguin in neutral zone.
0:09 of 2nd period - Off-side.
0:10 of 2nd period - Jonathan Toews wins face-off versus Tyler Seguin in neutral zone.
0:23 of 2nd period - Snap shot by Tyler Seguin.
0:23 of 2nd period - Shot Misses the Net.
0:25 of 2nd period - Snap shot by Artemi Panarin.
0:25 of 2nd period - Shot Misses the Net.
0:27 of 2nd period - Slapshot by Bobby Ryan.
0:27 of 2nd period - Goal by Bobby Ryan - Blue Jackets : 1 - Bruins : 1.
0:28 of 2nd period - Jonathan Toews wins face-off versus Tyler Seguin in neutral zone.
0:44 of 2nd period - Slapshot by Jonathan Toews.
0:44 of 2nd period - Deflect By Zack Kassian.
0:44 of 2nd period - Shot Misses the Net.
0:44 of 2nd period - Puck is out of play.
0:45 of 2nd period - Peter Mueller wins face-off versus Kevin Hayes in Blue Jackets zone.
0:45 of 2nd period - Peter Mueller is hit by Jason Demers.
0:55 of 2nd period - Wrist shot by Devin Setoguchi.
0:55 of 2nd period - Shot Misses the Net.
0:57 of 2nd period - Snap shot by Rickard Rakell.
0:57 of 2nd period - Stopped by Kevin Poulin with a rebound.
1:11 of 2nd period - Artemi Panarin is hit by Wojtek Wolski and loses puck.
1:22 of 2nd period - Zack Kassian is hit by Colton Parayko and loses puck.
1:35 of 2nd period - Snap shot by Andrei Kostitsyn.
1:35 of 2nd period - Stopped by Rick DiPietro with a rebound.
1:59 of 2nd period - Rob Scuderi is hit by Brett Kulak and loses puck.
2:03 of 2nd period - Icing by Kevin Porter.
2:04 of 2nd period - Jonathan Toews wins face-off versus Kevin Porter in Blue Jackets zone.
2:07 of 2nd period - Wrist shot by Zack Kassian.
2:07 of 2nd period - Shot Misses the Net.
2:22 of 2nd period - Snap shot by Tyler Kennedy.
2:22 of 2nd period - Stopped by Kevin Poulin without a rebound.
2:23 of 2nd period - Kevin Hayes wins face-off versus Tyler Seguin in Bruins zone.
2:54 of 2nd period - Icing by Devin Setoguchi.
2:55 of 2nd period - Peter Mueller wins face-off versus Jonathan Toews in Blue Jackets zone.
3:12 of 2nd period - Backhand shot by Jonathan Toews.
3:12 of 2nd period - Stopped by Rick DiPietro with a rebound.
3:27 of 2nd period - Off-side.
3:28 of 2nd period - Tyler Seguin wins face-off versus Kevin Hayes in neutral zone.
3:53 of 2nd period - Jason Demers is hit by Shea Theodore and loses puck.
4:20 of 2nd period - Peter Mueller is hit by Matt Read and loses puck.
5:18 of 2nd period - Slapshot by Colton Parayko.
5:18 of 2nd period - Stopped by Kevin Poulin with a rebound.
5:20 of 2nd period - Snap shot by Henrik Sedin.
5:20 of 2nd period - Shot Misses the Net.
5:22 of 2nd period - Wrist shot by Henrik Sedin.
5:22 of 2nd period - Deflect By T.J. Oshie.
5:22 of 2nd period - Shot Blocked by Jason Demers.
5:22 of 2nd period - Puck is out of play.
5:23 of 2nd period - Jonathan Toews wins face-off versus Henrik Sedin in Bruins zone.
5:30 of 2nd period - Wrist shot by T.J. Oshie.
5:30 of 2nd period - Shot Misses the Net.
5:32 of 2nd period - Wrist shot by T.J. Oshie.
5:32 of 2nd period - Shot Blocked by Josh Manson.
5:34 of 2nd period - Slapshot by T.J. Oshie.
5:34 of 2nd period - Deflect By Henrik Sedin.
5:34 of 2nd period - Shot Misses the Net.
5:34 of 2nd period - Puck is out of play.
5:35 of 2nd period - Jonathan Toews wins face-off versus Artemi Panarin in Bruins zone.
6:13 of 2nd period - Wrist shot by Victor Oreskovich.
6:13 of 2nd period - Stopped by Rick DiPietro with a rebound.
6:15 of 2nd period - Snap shot by Kevin Hayes.
6:15 of 2nd period - Shot Blocked by Dennis Wideman.
6:17 of 2nd period - Slapshot by Scott Hartnell.
6:17 of 2nd period - Goal by Scott Hartnell - Blue Jackets : 1 - Bruins : 2.
6:18 of 2nd period - Tyler Seguin wins face-off versus Kevin Hayes in neutral zone.
6:30 of 2nd period - Slapshot by Travis Hamonic.
6:30 of 2nd period - Stopped by Kevin Poulin without a rebound.
6:31 of 2nd period - Henrik Sedin wins face-off versus Jonathan Toews in Bruins zone.
6:32 of 2nd period - Snap shot by Emerson Etem.
6:32 of 2nd period - Shot Misses the Net.
6:42 of 2nd period - Snap shot by Zack Kassian.
6:42 of 2nd period - Shot Misses the Net.
6:44 of 2nd period - Snap shot by Wojtek Wolski.
6:44 of 2nd period - Shot Blocked by T.J. Oshie.
7:28 of 2nd period - Minor Penalty to Madison Bowey for Holding.
7:29 of 2nd period - Wojtek Wolski wins face-off versus Tyler Seguin in Bruins zone.
7:29 of 2nd period - Wojtek Wolski is hit by Bobby Ryan.
7:39 of 2nd period - Wrist shot by Colton Parayko.
7:39 of 2nd period - Stopped by Kevin Poulin without a rebound.
7:40 of 2nd period - Wojtek Wolski wins face-off versus Bobby Ryan in Bruins zone.
8:22 of 2nd period - Slapshot by Peter Mueller.
8:22 of 2nd period - Stopped by Kevin Poulin with a rebound.
9:28 of 2nd period - Penalty to Madison Bowey is over, Madison Bowey is back on ice.
10:01 of 2nd period - Henrik Sedin is hit by Victor Oreskovich and loses puck.
10:27 of 2nd period - Peter Mueller is hit by Andreas Athanasiou and loses puck.
11:20 of 2nd period - Shea Weber is hit by Victor Oreskovich and loses puck.
11:39 of 2nd period - Shea Weber is hit by Mikael Backlund and loses puck.
11:56 of 2nd period - Snap shot by Tyler Seguin.
11:56 of 2nd period - Shot Misses the Net.
12:07 of 2nd period - Bobby Ryan is hit by Zack Kassian.
13:20 of 2nd period - Casey Cizikas is hit by Peter Mueller and loses puck.
13:31 of 2nd period - Matt Read is hit by Tyler Seguin and loses puck.
14:06 of 2nd period - Icing by Madison Bowey.
14:07 of 2nd period - Jonathan Toews wins face-off versus Henrik Sedin in Bruins zone.
14:07 of 2nd period - Jonathan Toews is hit by Shea Weber.
14:17 of 2nd period - Wrist shot by Scott Hartnell.
14:17 of 2nd period - Stopped by Rick DiPietro with a rebound.
14:19 of 2nd period - Slapshot by Josh Manson.
14:19 of 2nd period - Shot Misses the Net.
14:21 of 2nd period - Slapshot by Scott Hartnell.
14:21 of 2nd period - Stopped by Rick DiPietro without a rebound.
14:22 of 2nd period - Tyler Seguin wins face-off versus Jonathan Toews in Blue Jackets zone.
14:29 of 2nd period - Snap shot by Shea Weber.
14:29 of 2nd period - Shot Misses the Net.
14:31 of 2nd period - Slapshot by Shea Weber.
14:31 of 2nd period - Stopped by Kevin Poulin without a rebound.
14:32 of 2nd period - Jonathan Toews wins face-off versus Tyler Seguin in Bruins zone.
14:34 of 2nd period - Minor Penalty to Zack Kassian for Tripping.
14:35 of 2nd period - Wojtek Wolski wins face-off versus Bobby Ryan in Bruins zone.
14:43 of 2nd period - Snap shot by Tyler Seguin.
14:43 of 2nd period - Goal by Tyler Seguin - Blue Jackets : 2 - Bruins : 2.
14:44 of 2nd period - Jonathan Toews wins face-off versus Tyler Seguin in neutral zone.
15:35 of 2nd period - Kevin Hayes is hit by Shea Theodore and loses puck.
15:46 of 2nd period - Icing by Kevin Porter.
15:47 of 2nd period - Jonathan Toews wins face-off versus Kevin Porter in Blue Jackets zone.
15:57 of 2nd period - Wrist shot by Brandon Bollig.
15:57 of 2nd period - Stopped by Kevin Poulin without a rebound.
15:58 of 2nd period - Zack Kassian wins face-off versus Tyler Seguin in Bruins zone.
16:03 of 2nd period - Travis Hamonic is hit by Zack Kassian and loses puck.
16:35 of 2nd period - Travis Hamonic is hit by Scott Hartnell and loses puck.
16:50 of 2nd period - Shea Theodore is hit by Matt Read and loses puck.
16:57 of 2nd period - Slapshot by T.J. Oshie.
16:57 of 2nd period - Shot Misses the Net.
17:11 of 2nd period - Snap shot by Kris Chucko.
17:11 of 2nd period - Stopped by Rick DiPietro without a rebound.
17:12 of 2nd period - Mikael Backlund wins face-off versus Bobby Ryan in Blue Jackets zone.
17:31 of 2nd period - Jason Demers is hit by Bobby Ryan and loses puck.
17:48 of 2nd period - Wrist shot by Wojtek Wolski.
17:48 of 2nd period - Stopped by Rick DiPietro without a rebound.
17:49 of 2nd period - Jonathan Toews wins face-off versus Peter Mueller in Blue Jackets zone.
17:50 of 2nd period - Snap shot by Zack Kassian.
17:50 of 2nd period - Shot Misses the Net.
17:54 of 2nd period - Wrist shot by Jonathan Toews.
17:54 of 2nd period - Stopped by Rick DiPietro with a rebound.
18:39 of 2nd period - Off-side.
18:40 of 2nd period - Peter Mueller wins face-off versus Casey Cizikas in neutral zone.
19:07 of 2nd period - Shea Weber is hit by Wojtek Wolski and loses puck.
19:34 of 2nd period - Wrist shot by T.J. Oshie.
19:34 of 2nd period - Stopped by Kevin Poulin with a rebound.
19:36 of 2nd period - Wrist shot by T.J. Oshie.
19:36 of 2nd period - Shot Misses the Net.
19:38 of 2nd period - Snap shot by Emerson Etem.
19:38 of 2nd period - Shot Blocked by Adam Pelech.
Goals for this period are 2 for Blue Jackets vs 1 for Bruins.
Shots for this period are 11 for Blue Jackets vs 9 for Bruins.
3rd period
0:01 of 3rd period - Jonathan Toews wins face-off versus Bobby Ryan in neutral zone.
1:15 of 3rd period - Jason Demers is hit by Brandon Bollig and loses puck.
1:44 of 3rd period - Bobby Ryan is hit by Torey Krug and loses puck.
2:09 of 3rd period - Snap shot by Torey Krug.
2:09 of 3rd period - Stopped by Rick DiPietro with a rebound.
2:40 of 3rd period - Major / Game Misconduct Penalty to Travis Hamonic for Unsportsmanlike conduct.
2:40 of 3rd period - Travis Hamonic is ejected from game.
2:41 of 3rd period - Jonathan Toews wins face-off versus Henrik Sedin in Blue Jackets zone.
2:48 of 3rd period - Snap shot by Wojtek Wolski.
2:48 of 3rd period - Shot Misses the Net.
4:47 of 3rd period - Brandon Bollig is hit by Andrei Kostitsyn and loses puck.
5:05 of 3rd period - Andrei Kostitsyn is hit by Dennis Wideman and loses puck.
5:24 of 3rd period - Victor Oreskovich is hit by Rob Scuderi and loses puck.
5:41 of 3rd period - Wojtek Wolski is hit by Tyler Kennedy and loses puck.
5:48 of 3rd period - Minor Penalty to Adam Pelech for Roughing.
5:49 of 3rd period - Wojtek Wolski wins face-off versus Tyler Seguin in Bruins zone.
6:11 of 3rd period - Icing by Wojtek Wolski.
6:12 of 3rd period - Tyler Seguin wins face-off versus Wojtek Wolski in Bruins zone.
6:15 of 3rd period - Snap shot by Tyler Seguin.
6:15 of 3rd period - Stopped by Kevin Poulin without a rebound.
6:16 of 3rd period - Tyler Seguin wins face-off versus Wojtek Wolski in Bruins zone.
6:27 of 3rd period - Snap shot by Tyler Seguin.
6:27 of 3rd period - Stopped by Kevin Poulin without a rebound.
6:28 of 3rd period - Wojtek Wolski wins face-off versus Tyler Seguin in Bruins zone.
7:40 of 3rd period - Penalty to Travis Hamonic is over, Peter Mueller is send on ice.
7:48 of 3rd period - Penalty to Adam Pelech is over, Adam Pelech is back on ice.
7:51 of 3rd period - Wrist shot by T.J. Oshie.
7:51 of 3rd period - Stopped by Kevin Poulin with a rebound.
7:53 of 3rd period - Slapshot by T.J. Oshie.
7:53 of 3rd period - Shot Misses the Net.
7:55 of 3rd period - Slapshot by Artemi Panarin.
7:55 of 3rd period - Stopped by Kevin Poulin without a rebound.
7:56 of 3rd period - Kevin Hayes wins face-off versus Peter Mueller in Bruins zone.
7:56 of 3rd period - Kevin Hayes is hit by Rickard Rakell.
8:05 of 3rd period - Minor Penalty to Devin Setoguchi for Hooking.
8:06 of 3rd period - Brandon Bollig wins face-off versus Jonathan Toews in Blue Jackets zone.
8:19 of 3rd period - Wrist shot by Wojtek Wolski.
8:19 of 3rd period - Shot Misses the Net.
8:21 of 3rd period - Slapshot by Torey Krug.
8:21 of 3rd period - Stopped by Rick DiPietro without a rebound.
8:22 of 3rd period - Henrik Sedin wins face-off versus Jonathan Toews in Blue Jackets zone.
10:05 of 3rd period - Penalty to Devin Setoguchi is over, Devin Setoguchi is back on ice.
10:06 of 3rd period - Snap shot by Wojtek Wolski.
10:06 of 3rd period - Shot Blocked by Devin Setoguchi.
10:08 of 3rd period - Slapshot by Madison Bowey.
10:08 of 3rd period - Stopped by Rick DiPietro with a rebound.
10:10 of 3rd period - Snap shot by Jonathan Toews.
10:10 of 3rd period - Shot Blocked by Shea Weber.
10:12 of 3rd period - Slapshot by Josh Manson.
10:12 of 3rd period - Shot Blocked by Colton Parayko.
10:28 of 3rd period - Snap shot by Wojtek Wolski.
10:28 of 3rd period - Shot Misses the Net.
10:30 of 3rd period - Slapshot by Madison Bowey.
10:30 of 3rd period - Deflect By Zack Kassian.
10:30 of 3rd period - Deflect By Devin Setoguchi.
10:30 of 3rd period - Shot Misses the Net.
10:30 of 3rd period - Puck is out of play.
10:31 of 3rd period - Kevin Hayes wins face-off versus Tyler Seguin in Blue Jackets zone.
10:45 of 3rd period - Snap shot by Victor Oreskovich.
10:45 of 3rd period - Shot Blocked by Rob Scuderi.
11:31 of 3rd period - Slapshot by Mikael Backlund.
11:31 of 3rd period - Stopped by Rick DiPietro with a rebound.
12:10 of 3rd period - Wrist shot by Peter Mueller.
12:10 of 3rd period - Shot Misses the Net.
12:13 of 3rd period - Icing by Brett Kulak.
12:14 of 3rd period - Casey Cizikas wins face-off versus Peter Mueller in Bruins zone.
12:19 of 3rd period - Snap shot by Peter Mueller.
12:19 of 3rd period - Stopped by Kevin Poulin with a rebound.
12:21 of 3rd period - Snap shot by Rickard Rakell.
12:21 of 3rd period - Shot Misses the Net.
12:25 of 3rd period - Snap shot by Rickard Rakell.
12:25 of 3rd period - Stopped by Kevin Poulin with a rebound.
12:27 of 3rd period - Backhand shot by Rickard Rakell.
12:27 of 3rd period - Shot Blocked by Matt Read.
12:54 of 3rd period - Wrist shot by Casey Cizikas.
12:54 of 3rd period - Stopped by Rick DiPietro with a rebound.
13:04 of 3rd period - Snap shot by Peter Mueller.
13:04 of 3rd period - Shot Blocked by Casey Cizikas.
13:38 of 3rd period - Snap shot by Devin Setoguchi.
13:38 of 3rd period - Shot Misses the Net.
13:40 of 3rd period - Snap shot by Peter Mueller.
13:40 of 3rd period - Goal by Peter Mueller - Blue Jackets : 3 - Bruins : 2.
13:41 of 3rd period - Tyler Seguin wins face-off versus Jonathan Toews in neutral zone.
13:44 of 3rd period - Torey Krug is hit by Tyler Seguin and loses puck.
14:07 of 3rd period - Henrik Sedin is hit by Jason Demers and loses puck.
14:31 of 3rd period - Wrist shot by Tyler Kennedy.
14:31 of 3rd period - Shot Misses the Net.
14:33 of 3rd period - Snap shot by Brandon Bollig.
14:33 of 3rd period - Shot Blocked by Kris Chucko.
14:35 of 3rd period - Snap shot by Tyler Kennedy.
14:35 of 3rd period - Shot Blocked by Brett Kulak.
14:53 of 3rd period - Snap shot by Jonathan Toews.
14:53 of 3rd period - Stopped by Rick DiPietro with a rebound.
15:01 of 3rd period - Wrist shot by Zack Kassian.
15:01 of 3rd period - Stopped by Rick DiPietro with a rebound.
15:15 of 3rd period - Torey Krug is hit by Rickard Rakell and loses puck.
15:22 of 3rd period - Minor Penalty to Victor Oreskovich for Boarding.
15:23 of 3rd period - Wojtek Wolski wins face-off versus Tyler Seguin in Bruins zone.
15:23 of 3rd period - Wojtek Wolski is hit by Artemi Panarin.
16:01 of 3rd period - Josh Manson is hit by Tyler Seguin and loses puck.
17:22 of 3rd period - Penalty to Victor Oreskovich is over, Victor Oreskovich is back on ice.
18:21 of 3rd period - Wrist shot by Andrei Kostitsyn.
18:21 of 3rd period - Shot Misses the Net.
18:23 of 3rd period - Slapshot by Torey Krug.
18:23 of 3rd period - Shot Blocked by Shea Weber.
18:25 of 3rd period - Snap shot by Matt Read.
18:25 of 3rd period - Stopped by Rick DiPietro with a rebound.
18:27 of 3rd period - Slapshot by Torey Krug.
18:27 of 3rd period - Shot Misses the Net.
18:31 of 3rd period - Slapshot by Matt Read.
18:31 of 3rd period - Stopped by Rick DiPietro without a rebound.
18:32 of 3rd period - Jonathan Toews wins face-off versus Peter Mueller in Blue Jackets zone.
18:53 of 3rd period - Bruins, Kevin Poulin is pulled from the net.
19:05 of 3rd period - Wrist shot by Zack Kassian.
19:05 of 3rd period - Stopped by Rick DiPietro without a rebound.
19:06 of 3rd period - Marc Crawford call a timeout for Bruins.
19:06 of 3rd period - Jonathan Toews wins face-off versus Tyler Seguin in Blue Jackets zone.
19:07 of 3rd period - Snap shot by Zack Kassian.
19:07 of 3rd period - Stopped by Rick DiPietro with a rebound.
19:39 of 3rd period - Adam Pelech is hit by Dennis Wideman and loses puck.
19:53 of 3rd period - Slapshot by Zack Kassian.
19:53 of 3rd period - Shot Blocked by Dennis Wideman.
19:59 of 3rd period - Snap shot by Artemi Panarin.
19:59 of 3rd period - Goal by Artemi Panarin - Blue Jackets : 4 - Bruins : 2.
19:59 of 3rd period - Kevin Poulin from Bruins was sent back in the game.
Goals for this period are 2 for Blue Jackets vs 0 for Bruins.
Shots for this period are 8 for Blue Jackets vs 11 for Bruins.